 Dungeon Crawl Stone Soup version 0.19.0-19-g8c6edcc (webtiles) character file.

3036 inmateoo the Covert (level 9, -7/36 HPs)
             Began as a Felid Wanderer on Nov 15, 2016.
             Was a Believer of Makhleb.
             Mangled by a white ugly thing (33 damage)
             ... on level 10 of the Dungeon.
             The game lasted 00:19:51 (10494 turns).

inmateoo the Covert (Felid Wanderer)               Turns: 10494, Time: 00:19:52

Health: -7/36      AC:  2    Str: 11    XL:     9   Next: 56%
Magic:  8/18       EV: 23    Int: 14    God:    Makhleb [**....]
Gold:   680        SH:  0    Dex: 16    Spells: 6 memorised, 2 levels left
                                        Lives:  0   Deaths: 2

rFire  + . .     SeeInvis +       - Unarmed
rCold  . . .     Gourm    .     (armour unavailable)
rNeg   . . .     Faith    .     (shield unavailable)
rPois  .         Spirit   .     (helmet unavailable)
rElec  .         Reflect  .     (cloak unavailable)
rCorr  .         Harm     .     (gloves unavailable)
MR     +....     Clarity  +     (boots unavailable)
Stlth  ++++++....               t - amulet of magic regeneration
                                (no ring)
                                y - ring of protection from fire

@: quick
A: no armour, no weapons or thrown items, stealth, claws 1, fangs 3, see
invisible, carnivore 3, clarity, speed 1, frail 1, shaggy fur 2, slow metabolism
1, no device heal 1, sharp paws
a: Minor Destruction, Renounce Religion


You were on level 10 of the Dungeon.
You worshipped Makhleb.
Makhleb was pleased with you.
You were very full.

You visited 2 branches of the dungeon, and saw 11 of its levels.

You collected 680 gold pieces.

Inventory:

Jewellery
 t - an amulet of magic regeneration (around neck)
 y - a ring of protection from fire (left paw)
Wands
 g - a wand of iceblast (2/15)
 n - a wand of confusion (37/48)
 u - a wand of slowing (14/48)
 A - a wand of flame (33/48)
 D - a wand of polymorph (0/24)
Scrolls
 b - a scroll of fog
 f - 3 scrolls of teleportation
 i - 2 scrolls of immolation
 k - a scroll of magic mapping
 m - a scroll of fear
 q - a scroll of identify
 w - 3 scrolls of remove curse
Potions
 a - 3 potions of haste
 c - 4 potions of heal wounds
 h - 2 potions of magic
 j - a potion of agility
 l - 2 potions of curing
 o - a potion of resistance
 p - a potion of beneficial mutation
 x - a potion of flight {unknown}
Books
 e - a book of Ice

   Spells                             Type                      Level
   a - Ice Form                       Ice/Transmutation            4
   b - Metabolic Englaciation         Hexes/Ice                    5
   c - Ozocubu's Refrigeration        Ice                          6
   d - Bolt of Cold                   Conjuration/Ice              6
   e - Freezing Cloud                 Conjuration/Ice/Air          6
   f - Simulacrum                     Ice/Necromancy               6
 r - a book of Callings

   Spells                             Type                      Level
   a - Summon Small Mammal            Summoning                    1
   b - Call Imp                       Summoning                    2
   c - Call Canine Familiar           Summoning                    3
   d - Summon Guardian Golem          Hexes/Summoning              3
   e - Summon Lightning Spire         Summoning/Air                4
   f - Summon Ice Beast               Ice/Summoning                4
 B - a book of Conjurations

   Spells                             Type                      Level
   a - Magic Dart                     Conjuration                  1
   b - Searing Ray                    Conjuration                  2
   c - Dazzling Spray                 Conjuration/Hexes            3
   d - Fulminant Prism                Conjuration/Hexes            4
   e - Iskenderun's Mystic Blast      Conjuration                  4
   f - Iskenderun's Battlesphere      Conjuration/Charms           5
 E - a book of Changes

   Spells                             Type                      Level
   a - Beastly Appendage              Transmutation                1
   b - Sticks to Snakes               Transmutation                2
   c - Spider Form                    Transmutation/Poison         3
   d - Ice Form                       Ice/Transmutation            4
   e - Blade Hands                    Transmutation                5
Comestibles
 d - 6 meat rations
 s - 2 beef jerkies
 v - 2 royal jellies
 z - a mutagenic chunk of flesh


   Skills:
 + Level 5.9 Fighting
 + Level 7.7 Dodging
 * Level 12.3 Stealth
 * Level 9.3 Unarmed Combat
 * Level 5.5 Spellcasting
 - Level 1.5 Conjurations
 * Level 6.9 Hexes
 * Level 4.4 Transmutations


You had 2 spell levels left.
You knew the following spells:

 Your Spells              Type           Power        Failure   Level  Hunger
a - Ice Form              Ice/Tmut       ##......     71%         4    ####...
b - Searing Ray           Conj           #.....       17%         2    ##.....
c - Dazzling Spray        Conj/Hex       ###...       10%         3    ###....
d - Beastly Appendage     Tmut           ###...       2%          1    None
e - Fulminant Prism       Conj/Hex       ###.......   30%         4    ####...
f - Spider Form           Tmut/Pois      ##........   21%         3    ###....


Dungeon Overview and Level Annotations

Branches:
Dungeon (10/15)            Temple (1/1) D:4            Lair (0/6) D:10
    Orc: D:9-12

Altars:
Ashenzari
Elyvilon
Fedhas
Gozag
Makhleb
Okawaru
Qazlal
Sif Muna
Uskayaw
Vehumet
Xom
Yredelemnul
The Shining One

Annotations:
D:10 Snorg


Innate Abilities, Weirdness & Mutations

You cannot wear armour.
You are incapable of wielding weapons or throwing items.
Your paws allow you to move quietly. (Stealth)
You have sharp claws.
You have razor-sharp teeth.
You have supernaturally acute eyesight. (SInv)
You are carnivorous and can eat meat at any time.
You cover ground quickly.
You are covered in thick fur. (AC +2)
You have a slow metabolism.
Your sharp claws are effective at attacking unaware monsters.
You possess an exceptional clarity of mind.
You are frail. (-10% HP)
Potions and wands are less effective at restoring your health.


Message History

There is an escape hatch in the floor here.
Casting: Dazzling Spray
Confirm with . or Enter, or press ? or * to list all spells.
Aiming: Dazzling Spray
Press: ? - help, Shift-Dir - straight line, f/p - white ugly thing
Aim: a white ugly thing (lightly wounded)
The spray of energy hits the white ugly thing.
The white ugly thing is moderately wounded.
Unknown command.
Unknown command.
Casting: Dazzling Spray
Confirm with . or Enter, or press ? or * to list all spells.
Aiming: Dazzling Spray
Press: ? - help, Shift-Dir - straight line, f/p - white ugly thing
Aim: a white ugly thing (lightly wounded)
The spray of energy hits the white ugly thing.
The white ugly thing is moderately wounded.
The white ugly thing bites you! The white ugly thing freezes you!!
Ouch! That really hurt!
You die...

......# #.# #.......### ......#
#.# #.......##. ......# #.#
####.......#..
......##########.###..'.......'.#
.÷....>............<.##.......###
÷.....##########.######.......#
##.#### #.# ###'##### #..# #u#
#..### ..## #@# ##...### ###
########.### ###...# ###
#..........# ###.# >.#
#..).......# #######'## ..#
#..(.......#####........#
..#######..........##.>+........'
..##.........).........#........#
.....####..........#####........#
..#### #..........# #.......(#


You could see a white ugly thing.

Vanquished Creatures
  Erica (D:9)
  Sonja (D:10)
  A hill giant (D:10)
  Psyche (D:9)
  2 two-headed ogres
  A hornet (D:7)
  Prince Ribbit (D:7)
  2 hippogriffs
  3 yaks (D:9)
  A steam dragon (D:8)
  A hungry ghost (D:7)
  A soldier ant (D:10)
  A water moccasin (D:9)
  2 ice beasts (D:7)
  5 sky beasts
  3 orc warriors
  2 phantoms (D:5)
  An eye of draining (D:7)
  4 ogres
  2 centaurs
  A big kobold (D:10)
  Blork the orc (D:4)
  3 bullfrogs
  3 killer bees (D:9)
  4 howler monkeys
  9 crimson imps
  A quasit (D:6)
  7 hounds
  An orc priest (D:5)
  Crazy Yiuf (D:7)
  2 centaur skeletons
  A bullfrog skeleton (D:7)
  3 iguanas
  6 worker ants
  5 orc wizards
  A killer bee zombie (D:6)
  8 gnolls (D:3)
  7 adders
  A shadow imp (D:8)
  3 oozes
  7 worms
  2 dart slugs
  A leopard gecko (D:4)
  22 orcs
  A ball python (D:1)
  5 bats
  3 giant cockroaches
  4 goblins
  10 hobgoblins
  5 jackals
  5 kobolds
  4 quokkas
  3 frilled lizards
  2 gnoll zombies (D:4)
  A quokka skeleton (D:6)
  6 rats
185 creatures vanquished.

Notes
Turn   | Place    | Note
-------+----------+-------------------------------------------
     0 | D:1      | inmateoo the Felid Wanderer began the quest for the Orb.
     0 | D:1      | inmateoo set off with: a potion of haste, a potion of berserk rage, 2 potions of lignification, a meat ration
     0 | D:1      | Reached XP level 1. HP: 9/9 MP: 2/2
   342 | D:5      | Entered Level 5 of the Dungeon
   412 | D:5      | Noticed a hound
   420 | D:5      | Noticed a phantom
   423 | D:5      | Killed a hound
   423 | D:5      | Reached XP level 2. HP: 13/13 MP: 3/3
   423 | D:5      | Reached XP level 3. HP: 16/16 MP: 4/4
   444 | D:5      | Killed a phantom
   444 | D:5      | Reached skill level 5 in Stealth
   444 | D:5      | Reached XP level 4. HP: 20/20 MP: 5/5
   483 | D:5      | Found a blossoming altar of Fedhas.
   551 | D:4      | Noticed an ogre
   569 | D:4      | Reached skill level 5 in Unarmed Combat
   569 | D:4      | Reached XP level 5. HP: 23/23 MP: 6/6
   577 | D:4      | Killed an ogre
   577 | D:4      | Reached skill level 6 in Stealth
  1015 | D:2      | Gained mutation: You are covered in thick fur. (AC +2) [Felid growth]
  1015 | D:2      | Reached XP level 6. HP: 27/27 MP: 7/7
  2429 | D:3      | Found a shimmering altar of Xom.
  3182 | D:4      | Found a staircase to the Ecumenical Temple.
  3191 | Temple   | Entered the Ecumenical Temple
  3241 | Temple   | Became a worshipper of Makhleb the Destroyer
  3327 | D:4      | Reached skill level 7 in Stealth
  3327 | D:4      | Reached skill level 1 in Spellcasting
  3350 | D:4      | Noticed a sky beast
  3361 | D:4      | Killed a sky beast
  3361 | D:4      | Reached XP level 7. HP: 21/31 MP: 9/9
  3474 | D:4      | Found an iron altar of Okawaru.
  3474 | D:4      | Found a radiant altar of Vehumet.
  3509 | D:4      | Noticed Blork the orc
  3516 | D:4      | Killed Blork the orc
  3540 | D:4      | Noticed a two-headed ogre
  3577 | D:4      | Killed a two-headed ogre
  3577 | D:4      | Reached skill level 8 in Stealth
  3802 | D:4      | Found a basalt altar of Yredelemnul.
  4117 | D:5      | Found a shattered altar of Ashenzari.
  4178 | D:5      | Reached XP level 8. HP: 29/36 MP: 12/12
  4265 | D:5      | Reached skill level 5 in Dodging
  4658 | D:6      | Reached * piety under Makhleb
  4692 | D:6      | Reached skill level 9 in Stealth
  4956 | D:6      | Gained mutation: You possess an exceptional clarity of mind. [mutagenic meat]
  4957 | D:6      | Gained mutation: Potions and wands are less effective at restoring your health. [mutagenic meat]
  4958 | D:6      | Gained mutation: You are frail. (-10% HP) [mutagenic meat]
  5433 | D:6      | Reached skill level 10 in Stealth
  5652 | D:7      | Reached XP level 9. HP: 35/35 MP: 14/14
  5975 | D:7      | Noticed Prince Ribbit
  6052 | D:7      | Learned a level 1 spell: Magic Dart
  6055 | D:7      | Learned a level 2 spell: Searing Ray
  6059 | D:7      | Learned a level 3 spell: Dazzling Spray
  6258 | D:7      | Paralysed by a hornet for 1 turns
  6264 | D:7      | Reached skill level 1 in Hexes
  6526 | D:7      | Found a white marble altar of Elyvilon.
  6537 | D:7      | Reached skill level 5 in Fighting
  6543 | D:7      | Gained mutation: You can translocate small distances at will. [mutagenic meat]
  6625 | D:7      | Reached skill level 1 in Conjurations
  6804 | D:7      | Killed Prince Ribbit
  6993 | D:7      | Found a runed door.
  7092 | D:7      | Noticed Crazy Yiuf
  7099 | D:7      | Killed Crazy Yiuf
  7420 | D:8      | Found a deep blue altar of Sif Muna.
  7434 | D:8      | Learned a level 1 spell: Beastly Appendage
  7444 | D:8      | Learned a level 4 spell: Summon Ice Beast
  7481 | D:8      | Reached skill level 11 in Stealth
  7484 | D:8      | Reached skill level 1 in Transmutations
  7612 | D:8      | Found a stormy altar of Qazlal.
  8312 | D:8      | Learned a level 3 spell: Spider Form
  8434 | D:8      | Reached XP level 10. HP: 39/39 MP: 17/17
  8509 | D:9      | Found an opulent altar of Gozag.
  8794 | D:8      | Reached ** piety under Makhleb
  9002 | D:9      | Noticed Psyche
  9015 | D:9      | Killed Psyche
  9378 | D:9      | Gained mutation: Your body sometimes deteriorates upon taking damage. [potion of mutation]
  9378 | D:9      | Gained mutation: Your mind is acute. (Int +2) [potion of mutation]
  9378 | D:9      | Lost mutation: You can translocate small distances at will. [potion of mutation]
  9379 | D:9      | Lost mutation: Your body sometimes deteriorates upon taking damage. [potion of mutation]
  9379 | D:9      | Lost mutation: Your mind is acute. (Int +2) [potion of mutation]
  9384 | D:9      | Reached skill level 5 in Hexes
  9626 | D:9      | Noticed Erica
  9634 | D:9      | Killed Erica
  9674 | D:9      | Slain by a yak
  9675 | D:9      | Reached XP level 9. HP: -2/36 MP: 17/17
  9854 | D:10     | Entered Level 10 of the Dungeon
  9894 | D:10     | Reached skill level 12 in Stealth
  9894 | D:10     | Reached skill level 5 in Spellcasting
  9944 | D:10     | Noticed Sonja
  9948 | D:10     | Killed Sonja
  9948 | D:10     | Reached XP level 10. HP: 40/40 MP: 18/18
 10057 | D:10     | Noticed Snorg
 10065 | D:10     | Mangled by Snorg
 10066 | D:10     | Reached XP level 9. HP: -11/54 MP: 17/17
 10159 | D:10     | Learned a level 4 spell: Ice Form
 10164 | D:10     | Learned a level 4 spell: Fulminant Prism
 10174 | D:10     | Found a staircase to the Lair.
 10293 | D:10     | Noticed a hill giant
 10356 | D:10     | Killed a hill giant
 10405 | D:10     | Noticed a white ugly thing
 10494 | D:10     | Mangled by a white ugly thing

Skill      XL: |  1  2  3  4  5  6  7  8  9 10 |
---------------+-------------------------------+-----
Dodging        | 2 3 4 6 7 |  7.7
Stealth        | 5 6 7 8 10 12 | 12.3
Unarmed Combat | 5 6 7 9 |  9.3
Fighting       | 3 4 5 |  5.9
Spellcasting   | 1 2 3 5 |  5.5
Hexes          | 6 5 |  6.9
Conjurations   | 1 |  1.5
Transmutations | 4 3 |  4.4

Action                   |  1- 3 |  4- 6 |  7- 9 | 10-12 || total
-------------------------+-------+-------+-------+-------++-------
Melee: Unarmed           |    24 |   157 |   376 |    86 ||   643
       Punch             |     1 |     2 |    16 |     7 ||    26
       Bite              |       |    13 |    34 |     4 ||    51
       Headbutt          |       |       |     5 |     2 ||     7
 Cast: Dazzling Spray    |       |       |    19 |       ||    19
       Beastly Appendage |       |       |     5 |     2 ||     7
       Spider Form       |       |       |       |     1 ||     1
Evoke: Wand              |       |       |    11 |     1 ||    12
  Use: Potion            |     1 |     1 |     4 |     4 ||    10
       Scroll            |       |       |    13 |     8 ||    21
 Stab: Sleeping          |     2 |    18 |    24 |     5 ||    49
       Distracted        |       |       |     4 |       ||     4
       Invisible         |       |       |     6 |       ||     6
       Confused          |       |       |       |     2 ||     2
  Eat: Chunk             |     1 |    11 |    31 |     6 ||    49
Armor: Skin              |     8 |    16 |    23 |     4 ||    51
Dodge: Dodged            |     9 |    80 |   249 |    77 ||   415
